 Dungeon Crawl Stone Soup version 0.31-a0-1227-g0136665373 (webtiles) character file.

Game seed: 15551546958831817410

247 BubbleThief the Ruffian (level 6, -3/42 HPs)
             Began as an Octopode Shapeshifter on Dec 14, 2023.
             Slain by an orc
             ... wielding a +0 flail
              (9 damage)
             ... on level 3 of the Dungeon.
             The game lasted 00:02:02 (1831 turns).

BubbleThief the Ruffian (Octopode Shapeshifter)     Turns: 1831, Time: 00:02:02

Health: -3/42      AC:  1    Str: 15    XL:     6   Next: 11%
Magic:  6/6        EV: 13    Int: 13    God:
Gold:   222        SH:  0    Dex: 11    Spells: 5/5 levels left

rFire   . .          .
                       - Unarmed
rCold   . . .        (no shield)
rNeg    . . .        (helmet currently unavailable)
rPois   .            (no amulet)
rElec   .            (no ring)
rCorr   .            (no ring)
SInv    .            (no ring)
Will    .....        (no ring)
Stlth   ++           (no ring)
HPRegen 0.27/turn    (no ring)
MPRegen 0.10/turn    (no ring)
                     (no ring)

%: no passive effects
@: beast-form
A: beast (slay +2), almost no armour, amphibious, 8 rings, camouflage 1,
gelatinous body 1, (nimble swimmer 1), tentacles
a: Begin Untransformation


You were on level 3 of the Dungeon.
You were a hulking beast.
You visited 1 branch of the dungeon, and saw 3 of its levels.

You collected 222 gold pieces.

Inventory:

Talismans
 b - a beast talisman
 c - a flux talisman
Wands
 n - a wand of roots (9)
Scrolls
 f - 2 scrolls of teleportation {unknown}
 g - a scroll of amnesia {unknown}
 h - a scroll of noise {unknown}
 i - a scroll of fear {unknown}
 k - 4 scrolls of identify {unknown}
 m - a scroll of fog {unknown}
Potions
 a - a potion of lignification
 d - 2 potions of heal wounds {unknown}
 e - a potion of brilliance {unknown}
 j - a potion of enlightenment {unknown}
 l - a potion of haste {unknown}


   Skills:
 + Level 3.5 Fighting
 - Level 2.0 Dodging
 + Level 4.4 Unarmed Combat
 + Level 4.2 Shapeshifting


You had 5 spell levels left.
You didn't know any spells.
Your spell library was empty.

Dungeon Overview and Level Annotations

Branches:
Dungeon (3/15)

Altars:


Innate Abilities, Weirdness & Mutations

You are a hulking beast.
Your limbs bulge with bestial killing power. (Slay +2)
You cannot wear most types of armour.
You are amphibious.
You can wear up to eight rings at the same time.
Your skin changes colour to match your surroundings (Stealth+).
Your rubbery body absorbs attacks. (AC +1, EV +1)
((You are camouflaged when in or above water. (Stealth+)))
You have tentacles for arms and can constrict up to eight enemies at once.


Message History

The orc wizard points at you and mumbles some strange words.
You resist with some effort. The orc closely misses you.
Unknown command.
You bump into the rock wall.
You feel less confused. The orc wizard barely misses you.
The orc wizard hits you with a +0 dagger.
* * * LOW HITPOINT WARNING * * *
The orc closely misses you.
Unknown command.
You bludgeon the orc wizard! You grab the orc wizard.
The orc wizard is severely wounded.
You constrict the orc wizard.
The orc wizard hits you with a +0 dagger.
* * * LOW HITPOINT WARNING * * *
The orc wizard hits you with a +0 dagger.
* * * LOW HITPOINT WARNING * * *
The orc barely misses you.
You tentacle-slap the orc wizard. Your squeeze misses the orc wizard.
The orc wizard is severely wounded.
You constrict the orc wizard.
Unknown command.
You tentacle-slap the orc wizard.
You kill the orc wizard!
The orc misses you.
The orc wizard hits you with a +0 dagger.
* * * LOW HITPOINT WARNING * * *
You have reached level 6!
You tentacle-slap the orc wizard but do no damage.
You grab the orc wizard. Your squeeze misses the orc wizard.
You constrict the orc wizard, but do no damage.
The orc wizard misses you. The orc misses you.
Unknown command.
You barely miss the orc wizard.
You constrict the orc wizard, but do no damage.
The orc wizard points at you and mumbles some strange words.
The magic dart hits you.
* * * LOW HITPOINT WARNING * * *
The orc hits you with a +0 flail!
You die...

#####
#....## ###
#....+ ....
#....#
....##....#
..........#
..!....?[.#
..........#
........)##
###....)h#
#....oo#
#......#
#......#
#......#
#......#
.........
.........


You could see an orc wizard and an orc.

Vanquished Creatures
  A hound (D:3)
  An iguana (D:2)
  3 orc wizards (D:3)
  4 adders
  A worm (D:2)
  A dart slug (D:2)
  12 orcs (D:3)
  5 bats
  4 endoplasms
  A giant cockroach (D:3)
  5 hobgoblins
  4 quokkas
  2 ball pythons
  4 frilled lizards (D:1)
  8 goblins
  3 kobolds
  6 rats
65 creatures vanquished.

Notes
Turn   | Place    | Note
-------+----------+-------------------------------------------
     0 | D:1      | BubbleThief the Octopode Shapeshifter began the quest for
                  | the Orb.
     0 | D:1      | Reached XP level 1. HP: 13/13 MP: 1/1
   130 | D:1      | Reached XP level 2. HP: 17/18 MP: 2/2
   722 | D:2      | Reached XP level 3. HP: 24/24 MP: 3/3
   969 | D:2      | Reached XP level 4. HP: 29/29 MP: 4/4
  1499 | D:3      | Reached XP level 5. HP: 28/36 MP: 5/5
  1830 | D:3      | Reached XP level 6. HP: 10/42 MP: 6/6
  1831 | D:3      | Slain by an orc

Illustrated notes

Levels and vault maps discovered:
D:1:      lightli_arrival_farm, layout_basic, minmay_unequal
D:2:      layout_loops_ring
D:3:      layout_basic

Skill      XL: |  1  2  3  4  5 |
---------------+----------------+-----
Fighting       | 2 3 |  3.5
Unarmed Combat | 4 |  4.4
Shapeshifting  | 4 |  4.2
Dodging        | |  2.0

Action                     |  1- 3 |  4- 6 || total
---------------------------+-------+-------++-------
  Melee: Unarmed           |    61 |    82 ||   143
         Constrict         |    19 |    23 ||    42
         Tentacles         |    11 |    12 ||    23
         Punch             |     1 |     1 ||     2
   Stab: Sleeping          |     8 |     2 ||    10
 Armour: Skin              |    17 |    37 ||    54
  Dodge: Dodged            |    30 |    47 ||    77

Table legend: (Time is in decaauts)
 A = Elapsed time spent in this place.
 B = Non-inter-level travel time spent in this place.
 C = Inter-level travel time spent in this place.
 D = Time resting spent in this place.
 E = Time spent auto-exploring this place.
 F = Levels seen in this place.
 G = Mean time per level.
                   A        B        C        D        E       F      G
               +--------+--------+--------+--------+--------+-----+--------+
         Total |   1820 |   1761 |     59 |    210 |   1213 |   3 |  606.7 |
       Dungeon |   1820 |   1761 |     59 |    210 |   1213 |   3 |  606.7 |
               +--------+--------+--------+--------+--------+-----+--------+

Top non-repeatable levels by time:
     D:2: 768 daAuts
     D:1: 686 daAuts
     D:3: 365 daAuts
